 Dungeon Crawl Stone Soup version 0.31.0-32-g396128a36d (webtiles) character file.

Game seed: 2945808870951129304

138 tizbic2 the Caller (level 5, 0/29 HPs)
             Began as a Tengu Summoner on Mar 24, 2024.
             Slain by an orc wizard
             ... wielding a +0 dagger
              (2 damage)
             ... on level 3 of the Dungeon.
             The game lasted 00:07:19 (1721 turns).

tizbic2 the Caller (Tengu Summoner)                 Turns: 1721, Time: 00:07:19

Health: 0/29       AC:  6    Str: 10 (11) XL:     5   Next: 21%
Magic:  9/9        EV:  4    Int: 12 (15) God:
Gold:   210        SH: 16    Dex: 13 (14) Spells: 8/9 levels left

rFire   + + .        q - staff of fire
rCold   . . .        k - +0 tower shield
rNeg    . . .        j - +0 ring mail {rF+}
rPois   .            (helmet restricted)
rElec   .            d - +0 cloak
rCorr   .            (no gloves)
SInv    .            (boots unavailable)
Will    .....        g - amulet of reflection
Stlth   +            (no ring)
HPRegen 0.24/turn    (no ring)
MPRegen 0.11/turn

%: reflection, acrobat
@: about to teleport, invisible
A: beak, talons 3, acrobatic
a: no special abilities


You were on level 3 of the Dungeon.
You visited 1 branch of the dungeon, and saw 3 of its levels.

You collected 210 gold pieces.

Inventory:

Hand Weapons
 s - a +1 mace of protection
Armour
 a - a +0 robe
 d - a +0 cloak (worn)
 j - a +0 ring mail of fire resistance (worn)
 k - a +0 tower shield (worn)
 p - a scarf of invisibility
Magical Staves
 q - a staff of fire (weapon)
Jewellery
 g - an amulet of reflection (around neck)
Scrolls
 e - a scroll of vulnerability {unknown}
 h - a scroll of poison {unknown}
 i - 2 scrolls of identify {unknown}
 l - a scroll of blinking {unknown}
 m - a scroll of amnesia {unknown}
 n - a scroll of fog {unknown}
 r - a scroll of immolation {unknown}
Potions
 b - 2 potions of magic


   Skills:
 + Level 1.5 Fighting
 + Level 2.4 Staves
 - Level 2.1 Dodging
 - Level 2.0 Stealth
 * Level 1.2 Shields
 + Level 2.5 Spellcasting
 - Level 5.1 Summonings
 + Level 2.1 Evocations


You had 8 spell levels left.
You knew the following spells:

 Your Spells              Type           Power      Damage    Failure   Level
a - Summon Small Mammal   Summ           52%        N/A       98%         1

Your spell library contained the following spells:

 Spells                   Type           Power      Damage    Failure   Level
 Call Imp                 Summ           26%        N/A       99%         2
 Apportation              Tloc           2%         N/A       100%        1
 Slow                     Hex            4%         N/A       100%        1
 Jinxbite                 Hex            2%         N/A       100%        2
 Call Canine Familiar     Summ           13%        N/A       100%        3
 Confusing Touch          Hex            1%         N/A       100%        3
 Sigil of Binding         Hex            1%         N/A       100%        3
 Vampiric Draining        Necr           1%         2d6       100%        3
 Summon Blazeheart Golem  Fire/Summ      11%        N/A       100%        4
 Summon Lightning Spire   Summ/Air       7%         N/A       100%        4
 Alistair's Intoxication  Alch           0%         N/A       100%        5


Dungeon Overview and Level Annotations

Branches:
Dungeon (3/15)

Altars:
Elyvilon

Shops:
D:1 (

Annotations:
D:3 1 runed translucent door, wingedge's ghost, weakling DgEE


Innate Abilities, Weirdness & Mutations

You have a beak for a mouth.
You have claws for feet.
You can magically evade attacks while moving or waiting.


Message History

Something hits you but does no damage. The orc barely misses you.
You bump into the rock wall.
The orc hits you with a +0 mace.
You bump into the rock wall.
You feel less confused. You block the orc's attack.
You hear some strange, mumbled words.
You are confused.
It was a potion of curing.
You feel better. The orc hits you with a +0 mace. You block something's attack.
You closely miss the orc. Your peck misses the orc.
The orc is severely wounded.
The orc barely misses you. Something hits you but does no damage.
You hit the orc.
You kill the orc!
Something hits you.
* * * LOW HITPOINT WARNING * * *
The orc hits you but does no damage. Something hits you.
* * * LOW HITPOINT WARNING * * *
It was a potion of degeneration.
There was something very wrong with that liquid.
You feel weakened.
You feel dopey.
You feel clumsy. You block the orc's attack. You block something's attack.
It was a potion of invisibility.
You fade into invisibility!
Something hits you.
* * * LOW HITPOINT WARNING * * *
The orc hits you with a +0 club.
* * * LOW HITPOINT WARNING * * *
You miss something. Your peck misses something. The orc barely misses you.
You hear some strange, mumbled words.
Something tries to affect you, but you resist.
You hit something. You peck something. Something hits you but does no damage.
You block the orc's attack.
You hear some strange, mumbled words.
Something tries to affect you, but you resist.
You block the orc's attack.
As you read the scroll labelled RAH DAWKUCH, it crumbles to dust.
You feel strangely unstable.
It was a scroll of teleportation.
The orc barely misses you. Something hits you.
You die...

##.##.......#
...##)..)...# #.>
#####.......# #.#
############# #.#
...# ...
##.######## #.#
##.##.....# #.#
......###†######o#
##.#..# #......{@#
##.#..# #.########
...#......#
####......#
########


You could see an orc (unable to see you).

Vanquished Creatures
  A hound (D:2)
  An orc priest (D:3)
  A ribbon worm (D:2)
  7 orcs (D:3)
  2 bats
  5 endoplasms
  3 giant cockroaches
  9 goblins
  2 hobgoblins
  4 jackals
  4 quokkas
  6 ball pythons
  4 frilled lizards
  8 kobolds
  4 rats
61 creatures vanquished.

Vanquished Creatures (collateral kills)
  A ball python (D:1)
  An endoplasm (D:1)
  A hobgoblin (D:1)
  A jackal (D:1)
  A kobold (D:1)
5 creatures vanquished.

Grand Total: 66 creatures vanquished

Notes
Turn   | Place    | Note
-------+----------+-------------------------------------------
     0 | D:1      | tizbic2 the Tengu Summoner began the quest for the Orb.
     0 | D:1      | Reached XP level 1. HP: 10/10 MP: 4/4
   232 | D:1      | Reached XP level 2. HP: 12/15 MP: 6/6
   269 | D:1      | Reached skill level 1 in Staves
   386 | D:1      | Reached skill level 1 in Evocations
   447 | D:1      | Found Epiwn's Antique Weapon Shoppe.
   530 | D:1      | Reached XP level 3. HP: 20/20 MP: 7/7
   562 | D:1      | Reached skill level 1 in Fighting
   767 | D:2      | Reached skill level 5 in Summonings
   767 | D:2      | Reached XP level 4. HP: 14/25 MP: 8/8
   822 | D:2      | Found a white marble altar of Elyvilon.
  1445 | D:3      | Found a runed translucent door.
  1445 | D:3      | Noticed wingedge's ghost (weakling DgEE)
  1709 | D:3      | Reached skill level 1 in Shields
  1709 | D:3      | Reached XP level 5. HP: 20/29 MP: 9/9
  1718 | D:3      | HP: 1/29 [orc/+0 club (1)]
  1721 | D:3      | Slain by an orc wizard

Illustrated notes

Levels and vault maps discovered:
D:1:      sevenhm_arrival_forest_fort_small_6, layout_rooms, serial_shops,
          shop_coins, nicolae_kite_square_tiling_tiny, chequers_avenue,
          minmay_misc_feat_room, minmay_octomino_e4
D:2:      layout_rooms, basic_altar, lemuel_flame_loot_1
D:3:      layout_loops_cross, lemuel_round_altar, serial_shops,
          nicolae_shop_hallway_plus, gammafunk_ghost_grave

Skill      XL: |  1  2  3  4 |
---------------+-------------+-----
Staves         | 1 2 |  2.4
Evocations     | 1 2 |  2.1
Fighting       | 1 |  1.5
Summonings     | 5 |  5.1
Shields        | 1 |  1.2
Dodging        | |  2.1
Stealth        | |  2.0
Spellcasting   | |  2.5

Action                     |  1- 3 |  4- 6 || total
---------------------------+-------+-------++-------
  Melee: Unarmed           |     6 |       ||     6
         Dagger            |    49 |       ||    49
         Kick              |    14 |    24 ||    38
         Peck              |    11 |    15 ||    26
         Short sword       |     2 |       ||     2
         Rapier            |    14 |    42 ||    56
         Staff             |       |    62 ||    62
   Cast: Summon Small Mamm |     8 |       ||     8
    Use: Potion            |       |     3 ||     3
         Scroll            |       |     1 ||     1
   Stab: Sleeping          |     1 |     1 ||     2
 Armour: Robe              |    15 |       ||    15
         Ring mail         |     9 |    57 ||    66
  Dodge: Dodged            |    43 |    39 ||    82
  Block: Other             |     5 |    12 ||    17
         Tower shield      |       |    60 ||    60
         Reflection        |       |     1 ||     1
